 Dungeon Crawl Stone Soup version 0.24-a0-412-ge138f7edaf (webtiles) character file.

Game seed: 12538434070901461559

379 Amnesiac the Ducker (level 6, -5/38 HPs)
             Began as an Octopode Transmuter on June 6, 2019.
             Slain by a centaur (6 damage)
             ... on level 5 of the Dungeon on June 7, 2019.
             The game lasted 00:09:49 (2430 turns).

Amnesiac the Ducker (Octopode Transmuter)           Turns: 2430, Time: 00:09:49

Health: -5/38      AC:  4    Str:  7 (9)  XL:     6   Next: 74%
Magic:  7/9        EV: 16    Int: 14 (16) God:
Gold:   84         SH:  0    Dex: 12 (14) Spells: 4/9 levels left

rFire    . . .     SeeInvis .     - Unarmed
rCold    . . .     Gourm    .   (no shield)
rNeg     . . .     Faith    .   (helmet restricted)
rPois    .         Spirit   .   h - amulet of inaccuracy (curse)
rElec    .         Reflect  .   q - +3 ring of protection
rCorr    .         Harm     .   (no ring)
MR       .....                  (no ring)
Stlth    ++........             (no ring)
HPRegen  0.12/turn              (no ring)
MPRegen  0.11/turn              (no ring)
                                (no ring)
                                (no ring)

@: about to teleport
A: almost no armour, stealthy swim, amphibious, 8 rings, constrict 8, camouflage
1, gelatinous body 1
a: no special abilities


You were on level 5 of the Dungeon.
You were not hungry.

You visited 1 branch of the dungeon, and saw 5 of its levels.

You collected 84 gold pieces.

Inventory:

Hand Weapons
 d - a +0 dagger
 e - a +2 hand axe of electrocution
Missiles
 a - 33 arrows
 o - 6 poisoned darts (quivered)
Armour
 j - a +0 shield
Jewellery
 h - a cursed amulet of inaccuracy (around mantle)
 i - an uncursed ring of teleportation
 q - a +3 ring of protection (left tentacle)
 r - an uncursed ring of fire
Scrolls
 b - a scroll of identify {!r}
 f - a scroll of magic mapping {!r}
Potions
 g - a potion of magic {!q}
 s - a potion of brilliance {!q}
Comestibles
 c - 6 rations
 m - 5 chunks of flesh


   Skills:
 + Level 1.4 Fighting
 + Level 5.9 Dodging
 * Level 3.4 Unarmed Combat
 + Level 2.2 Spellcasting
 * Level 3.4 Transmutations


You had 4 spell levels left.
You knew the following spells:

 Your Spells              Type           Power        Failure   Level  Hunger
b - Sticks to Snakes      Tmut           ##......     9%          2    ###....
e - Spider Form           Tmut/Pois      #.........   34%         3    ###....

Your spell library contained the following spells:

 Spells                   Type           Power        Failure   Level  Hunger
 Beastly Appendage        Tmut           ##....       6%          1    #......
 Ice Form                 Ice/Tmut       #.......     75%         4    #####..
 Blade Hands              Tmut           ##........   85%         5    ######.


Dungeon Overview and Level Annotations

Branches:
Dungeon (5/15)
 Temple: D:4-7

Altars:
Elyvilon
Qazlal
Trog
Vehumet

Portals:
Ossuary: D:5


Innate Abilities, Weirdness & Mutations

You cannot wear most types of armour.
You are very stealthy in the water. (Stealth+)
You are amphibious.
You can wear up to eight rings at the same time.
You can use your tentacles to constrict eight enemies at once.
Your skin changes colour to match your surroundings (Stealth+).
Your rubbery body absorbs attacks. (AC +1, EV +1)


Message History

m - 9 chunks of flesh (gained 2)
You see here an iguana skeleton.
Magic restored.
There is an open door here.
You hear the brisk hiss of a distant avalanche of sand.
There is an open door here.
Some of the chunks of flesh in your inventory have rotted away.
You open the door.
Found a shield.
There is an open door here.
A frilled lizard comes into view.
The frilled lizard hisses angrily.
A quokka comes into view.
The frilled lizard misses you.
You see here a shield.
j - a shield The frilled lizard bites you but does no damage.
You miss the frilled lizard. You grab the frilled lizard.
You squeeze the frilled lizard, but do no damage.
You constrict the frilled lizard.
You kill the frilled lizard!
You tentacle-slap the quokka.
You kill the quokka!
No target in view!
No target in view!
Things that are here:
a quokka corpse; a frilled lizard corpse You butcher the quokka corpse.
m - 8 chunks of flesh (gained 1)
Things that are here:
a quokka skeleton; a frilled lizard corpse You butcher the frilled lizard corpse.
m - 9 chunks of flesh (gained 1)
Things that are here:
a quokka skeleton; a frilled lizard skeleton An ice beast comes into view.
A centaur comes into view.
Some of the chunks of flesh in your inventory have rotted away.
Found a manual of Axes.
The centaur wields a +0 shortbow.
The centaur shoots an arrow.
The arrow barely misses you.
You see here an arrow.
The centaur shoots an arrow.
The arrow hits you!
* * * LOW HITPOINT WARNING * * *
You see here an arrow.
Really quaff
p - a black potion {!q}?
Okay, then.
Really quaff
n - a coppery potion {!q}?
It was a potion of cancellation {!q}.
You feel magically purged.
Really quaff
p - a black potion {!q}?
It was a potion of degeneration {!q}.
There was something very wrong with that liquid.
You feel weakened.
You feel dopey.
You feel clumsy.
Okay, then.
Really read
k - a scroll of teleportation {!r}?
As you read the scroll of teleportation {!r}, it crumbles to dust.
You feel strangely unstable.
Casting: Sticks to Snakes (safe; 9% risk of failure)
Confirm with . or Enter, or press ? or * to list all spells.
You create a snake!
You now have 33 arrows.
The centaur unwields a +0 shortbow.
The centaur hits you.
* * * LOW HITPOINT WARNING * * *
The centaur hits you.
You die...

.#................
.#...................
.#..รท..##............ .
.#.....##............ ..
.#.................. ...
.#.....##...####..##...#
.#.....##...####......
.#......#.........S#
.#......#.......@#####
.#......#......c##...##
.#.....##...##(#...Y.:#
.#.....##...##......c..
.# ............#... .#
................. .#
.................# .#
####...##...#....# .#
###+ #...#...#.


You could see a centaur and a friendly ball python.

Vanquished Creatures
  A howler monkey (D:4)
  A crimson imp (D:5)
  A hound (D:4)
  An iguana (D:5)
  A worker ant (D:5)
  An orc wizard (D:4)
  An adder (D:4)
  4 gnolls (D:5)
  A worm (D:3)
  A leopard gecko (D:1)
  6 orcs
  4 giant cockroaches
  7 goblins
  A hobgoblin (D:2)
  3 kobolds
  2 quokkas (D:5)
  A bat (D:3)
  4 frilled lizards
  4 rats (D:3)
45 creatures vanquished.

Vanquished Creatures (collateral kills)
  An ogre (D:5)
  A hound (D:3)
  2 worker ants (D:4)
  A worm (D:4)
  2 hobgoblins
7 creatures vanquished.

Vanquished Creatures (others)
  An adder (D:3)
  An orc (D:3)
2 creatures vanquished.

Grand Total: 54 creatures vanquished

Notes
Turn   | Place    | Note
-------+----------+-------------------------------------------
     0 | D:1      | Amnesiac the Octopode Transmuter began the quest for the
                  | Orb.
     0 | D:1      | Reached XP level 1. HP: 13/13 MP: 3/3
   171 | D:2      | Found a stormy altar of Qazlal.
   185 | D:2      | Reached XP level 2. HP: 12/18 MP: 5/5
   193 | D:2      | Learned a level 2 spell: Sticks to Snakes
   204 | D:2      | Found a radiant altar of Vehumet.
   402 | D:3      | Reached XP level 3. HP: 19/23 MP: 1/6
   691 | D:3      | Reached skill level 3 in Dodging
   993 | D:3      | Found a white marble altar of Elyvilon.
  1072 | D:4      | Reached XP level 4. HP: 26/28 MP: 7/7
  1078 | D:4      | Learned a level 3 spell: Spider Form
  1091 | D:4      | Reached skill level 4 in Dodging
  1297 | D:4      | Reached XP level 5. HP: 22/33 MP: 8/8
  1591 | D:4      | Reached skill level 5 in Dodging
  1873 | D:4      | Found a bloodstained altar of Trog.
  1979 | D:5      | Identified a paperback manual
  1979 | D:5      | Entered Level 5 of the Dungeon
  2059 | D:5      | Reached XP level 6. HP: 24/38 MP: 9/9
  2169 | D:5      | Found a sand-covered staircase.
  2421 | D:5      | Noticed an ice beast
  2430 | D:5      | HP: 1/38 [centaur (3)]
  2430 | D:5      | Slain by a centaur

Levels and vault maps discovered:
D:1:      doesnt_arrival_eight_statues, layout_basic
D:2:      layout_basic, grunt_qazlal_sundering, vehumet_crystals
D:3:      layout_basic, grunt_temple_overflow_order_and_chaos_1,
          elyvilon_altar_5, nicolae_overflow_hidden_temple
D:4:      layout_basic, lightli_temple_of_fire, first_ration
D:5:      layout_gridville, kennysheep_mini_moat, enter_ossuary_5, minivault_23,
          minmay_manual_moon

Skill      XL: |  1  2  3  4  5 |
---------------+----------------+-----
Transmutations | 3 |  3.4
Dodging        | 3 4 5 |  5.9
Fighting       | |  1.4
Unarmed Combat | |  3.4
Spellcasting   | |  2.2

Action                   |  1- 3 |  4- 6 || total
-------------------------+-------+-------++-------
Melee: Dagger            |    80 |    61 ||   141
       Unarmed           |     6 |    31 ||    37
       Constrict         |    15 |    13 ||    28
       Tentacles         |    12 |     9 ||    21
       Punch             |     1 |     2 ||     3
Throw: Dart              |       |     6 ||     6
 Cast: Sticks to Snakes  |     5 |     5 ||    10
       Spider Form       |       |     5 ||     5
  Use: Scroll            |     2 |     5 ||     7
       Potion            |       |     7 ||     7
 Stab: Sleeping          |     1 |     4 ||     5
       Distracted        |     1 |       ||     1
  Eat: Chunk             |     1 |     5 ||     6
Armor: Skin              |     6 |     9 ||    15
Dodge: Dodged            |    68 |    76 ||   144

Table legend:
 A = Non-vault XP
 B = Vault XP
 C = Vault XP percentage of total XP
 D = Non-vault monster count
 E = Vault monster count
 F = Vault count percentage of total count
                 A         B        C        D         E       F
            +---------+---------+-------+---------+---------+-------
      Total |     542 |       0 |   0.0 |      52 |       0 |   0.0
            +---------+---------+-------+---------+---------+-------
        D:1 |       7 |       0 |   0.0 |       3 |       0 |   0.0
        D:2 |      12 |       0 |   0.0 |       9 |       0 |   0.0
        D:3 |      43 |       0 |   0.0 |      15 |       0 |   0.0
        D:4 |     199 |       0 |   0.0 |      13 |       0 |   0.0
        D:5 |     281 |       0 |   0.0 |      12 |       0 |   0.0
            +---------+---------+-------+---------+---------+-------
